 Dungeon Crawl Stone Soup version 0.30-a0-830-gfe289a77b0 (webtiles) character file.

Game seed: 4300290308717892843

32117 jimonade the Ogre Mage (level 13, -2/135 HPs)
             Began as an Ogre Warper on Feb 28, 2023.
             Was an Elder of Okawaru.
             Killed from afar by a gargoyle (15 damage)
             ... with a stone arrow
             ... in a volcano on Mar 1, 2023.
             The game lasted 01:08:34 (21463 turns).

jimonade the Ogre Mage (Ogre Warper)               Turns: 21463, Time: 01:08:35

Health: -2/135     AC: 13    Str: 18    XL:     13   Next: 62%
Magic:  27/27      EV: 14    Int: 20    God:    Okawaru [****..]
Gold:   949        SH:  0    Dex: 12    Spells: 19/33 levels left

rFire   + . .      SeeInvis .    a - +3 whip (elec)
rCold   . . .      Faith    .    n - orb {light}
rNeg    . . .      Spirit   .    G - +2 robe {rF+}
rPois   .          Reflect  .    Z - +2 hat {Will+}
rElec   .          Harm     .    j - +1 cloak
rCorr   .          Rampage  .    (gloves unavailable)
Will    ++...                    (boots unavailable)
Stlth   +                        g - amulet of magic regeneration
HPRegen 0.42/turn                i - +4 ring of protection
MPRegen 0.60/turn                U - +6 ring of intelligence

@: heroic, glowing
A: large, unfitting armour, tough skin 1
a: Renounce Religion, Heroism, Finesse


You were in a volcano.
You worshipped Okawaru.
Okawaru was greatly pleased with you.
You visited 3 branches of the dungeon, and saw 17 of its levels.
You also visited: Sewer and Volcano.

You collected 949 gold pieces.

Inventory:

Hand Weapons
 a - a +3 whip of electrocution (weapon)
 t - a +0 giant club
 I - a +0 whip of freezing
 J - a +5 mace
Missiles
 d - 7 boomerangs of dispersal
 B - 6 throwing nets (quivered)
 C - 35 poisoned darts
 O - 6 large rocks
 P - 5 javelins
 T - 4 boomerangs
Armour
 j - a +1 cloak (worn)
 n - an orb of light (worn)
 E - +0 steam dragon scales
 G - a +2 robe of fire resistance (worn)
 M - a +0 kite shield
 N - a +0 troll leather armour
 Z - a +2 hat of willpower (worn)
Jewellery
 g - an amulet of magic regeneration (around neck)
 i - a +4 ring of protection (left hand)
 S - a ring of resist corrosion
 U - a +6 ring of intelligence (right hand)
 V - an amulet of reflection
Wands
 s - a wand of iceblast (41)
 x - a wand of mindburst (13)
 Q - a wand of polymorph (6)
Scrolls
 c - 3 scrolls of blinking
 e - a scroll of magic mapping
 q - 3 scrolls of fog
 u - 8 scrolls of teleportation
 w - 4 scrolls of poison
 y - 4 scrolls of brand weapon
 F - 6 scrolls of identify
 K - a scroll of silence
 L - 3 scrolls of fear
 R - a scroll of enchant armour
 Y - a scroll of amnesia
Potions
 b - 3 potions of mutation {unknown}
 f - 6 potions of lignification
 h - 2 potions of haste
 k - 4 potions of might
 l - 11 potions of degeneration
 m - 2 potions of ambrosia {unknown}
 o - 4 potions of curing
 p - 5 potions of brilliance
 r - 6 potions of flight
 v - 2 potions of cancellation
 z - 4 potions of heal wounds {unknown}
 A - a potion of berserk rage {unknown}
 D - a potion of invisibility {unknown}
 H - 3 potions of attraction {unknown}
 W - 2 potions of resistance {unknown}
 X - 3 potions of magic {unknown}


   Skills:
 + Level 10.4(15.4) Fighting
 + Level 10.8(15.8) Maces & Flails
 + Level 1.7(6.7) Throwing
 + Level 2.1(7.1) Armour
 + Level 7.5(12.5) Dodging
 - Level 1.0(6.0) Stealth
 - Level 10.9 Spellcasting
 * Level 10.8 Translocations
 + Level 1.3 Air Magic
 * Level 7.1 Invocations


You had 19 spell levels left.
You knew the following spells:

 Your Spells              Type           Power      Damage    Failure   Level
a - Blink                 Tloc           100%       N/A       1%          2
b - Lesser Beckoning      Tloc           100%       N/A       1%          2
c - Teleport Other        Tloc           53%        N/A       1%          3
d - Vhi's Electric Charg  Tloc/Air       70%        N/A       1%          3
e - Manifold Assault      Tloc           53%        N/A       1%          4

Your spell library contained the following spells:

 Spells                   Type           Power      Damage    Failure   Level
 Shock                    Conj/Air       52%        1d6       4%          1
 Beastly Appendage        Tmut           20%        N/A       6%          1
 Cigotuvi's Dreadful Rot  Necr/Pois/Air  24%        N/A       8%          2
 Ensorcelled Hibernation  Hex/Ice        20%        N/A       10%         2
 Passwall                 Tmut/Erth      8%         N/A       10%         2
 Sublimation of Blood     Necr           10%        N/A       10%         2
 Wereblood                Tmut           10%        N/A       10%         2
 Swiftness                Air            16%        N/A       11%         3
 Spider Form              Tmut/Pois      10%        N/A       19%         3
 Airstrike                Air            8%         2d(2-18)  36%         4
 Dispel Undead            Necr           10%        3d9       54%         4
 Petrify                  Tmut/Erth      10%        N/A       54%         4
 Irradiate                Conj/Tmut      5%         3d13      87%         5
 Iskenderun's Battlesphe  Conj           10%        2d6       87%         5
 Iron Shot                Conj/Erth      5%         9d2       100%        6
 Storm Form               Tmut/Air       6%         N/A       100%        7
 Maxwell's Capacitive Co  Air            8%         ∞         100%        8
 Summon Lightning Spire   Summ/Air       Unusable   N/A       N/A         4
 Death Channel            Necr           Unusable   N/A       N/A         6
 Spellforged Servitor     Conj/Summ      Unusable   N/A       N/A         7

Dungeon Overview and Level Annotations

Branches:
Dungeon (12/15)            Temple (1/1) D:4            Lair (4/5) D:8
 Shoals (0/4) Lair:2        Snake (0/4) Lair:3          Orc (0/2) D:10
  Sewer (visited)         Volcano (1/1)
  Slime: Lair:4-5

Altars:
Ashenzari
Cheibriados
Dithmenos
Elyvilon
Fedhas
Gozag
Hepliaklqana
Kikubaaqudgha
Makhleb
Nemelex Xobeh
Okawaru
Qazlal
Ru
Sif Muna
Trog
Uskayaw
Vehumet
Wu Jian
Xom
Yredelemnul
Zin
The Shining One

Shops:
D:1 :   D:7 =   D:10 :

Annotations:
D:11 exclusion: downstairs
D:12 Frances


Innate Abilities, Weirdness & Mutations

You are too large for most types of armour.
You have tough skin. (AC +1)


Message History

You hit the gargoyle.
The gargoyle is moderately damaged.
You hit the gargoyle but do no damage.
The gargoyle is moderately damaged.
In the distance, the volcano erupts with a roar.
The spriggan skeleton misses you. The gargoyle barely misses you.
You hit the gargoyle.
The gargoyle is heavily damaged.
You hit the gargoyle but do no damage.
The gargoyle is heavily damaged.
The gargoyle misses you.
The spriggan skeleton hits you but does no damage.
You hit the gargoyle.
The gargoyle is severely damaged.
You whack the gargoyle!
The gargoyle is almost destroyed.
The gargoyle closely misses you.
You hit the gargoyle but do no damage.
The gargoyle is almost destroyed.
The spriggan skeleton hits you.
You hit the gargoyle but do no damage.
The gargoyle is almost destroyed.
The gargoyle hits you with a +0 morningstar!
* * * LOW HITPOINT WARNING * * *
You hit the gargoyle but do no damage.
The gargoyle is almost destroyed.
The spriggan skeleton hits you but does no damage.
You hit the gargoyle but do no damage.
The gargoyle is almost destroyed.
The gargoyle hurls a stone arrow at you.
The stone arrow hits you!!
* * * LOW HITPOINT WARNING * * *
You hit the gargoyle but do no damage.
The gargoyle is almost destroyed.
You barely miss the gargoyle.
The gargoyle is almost destroyed.
The spriggan skeleton hits you but does no damage.
The gargoyle hurls a stone arrow at you.
The stone arrow hits you!
You die...

# #. #§§ #. #. #≈≈§§≈§
##.##.## ##§≈§§§≈≈≈≈
##......######≈≈≈≈§≈≈≈≈≈
........).##....≈≈≈≈≈§≈≈
#.#..#)###.≈....≈≈§§§≈≈
#......'......≈≈≈≈§≈§≈≈
##.#..#Z###.≈...≈§≈≈≈≈≈§
.......@9.##.......§§§§≈
##......#######......§≈≈
###.∩.## ###....... #...
###..... #### ###...
##.. ###


You could see a gargoyle and a spriggan skeleton.

Vanquished Creatures
  A hydra (Lair:2)
  A two-headed ogre (D:11)
  A skyshark (Lair:4)
  A skeletal warrior (Volcano)
  A lindwurm (Lair:4)
  Pikel (D:6)
  6 elephants (Lair:3)
  2 black mambas
  A merfolk siren (Lair:2)
  Maurice (D:9)
  A torpor snail (Lair:3)
  A gargoyle (Volcano)
  5 cane toads
  Maggie (D:9)
  3 unseen horrors
  A rime drake (Lair:2)
  A kobold demonologist (D:7)
  13 komodo dragons
  3 polar bears
  5 trolls
  Prince Ribbit (D:8)
  A dream sheep (Lair:3)
  11 blink frogs
  A harpy skeleton (Volcano)
  A shadow (D:8)
  An alligator skeleton (Volcano)
  2 flying skulls (Volcano)
  A vampire (D:7)
  Grum (Lair:1)
  42 yaks
  A steam dragon (D:10)
  4 nagas (Lair:3)
  9 water moccasins
  3 ice beasts
  A swamp drake (D:10)
  6 orc warriors
  2 black bears (D:6)
  2 sky beasts
  12 wolves
  2 ogres (D:6)
  7 centaurs
  A lemure (D:6)
  3 kobold brigands
  A gnoll sergeant (D:7)
  9 bullfrogs
  2 scorpions
  7 wights
  8 killer bees
  4 howler monkeys
  2 hounds
  8 orc priests
  A jelly (D:7)
  2 gnoll boudas
  4 iguanas
  10 orc wizards
  7 hell rats (Lair:3)
  A malarious merfolk avatar (Sewer)
  A sickly merfolk siren (Sewer)
  A naga skeleton (Volcano)
  18 gnolls
  4 adders
  2 shadow imps
  4 ufetubi
  3 dart slugs (D:2)
  33 orcs
  3 bats
  4 endoplasms
  4 giant cockroaches
  4 goblins
  8 hobgoblins
  2 jackals (D:4)
  9 kobolds
  8 quokkas
  9 ball pythons
  8 frilled lizards
  27 rats
383 creatures vanquished.

Vanquished Creatures (others)
  16 fungi
  23 plants
39 creatures vanquished.

Grand Total: 422 creatures vanquished

Notes
Turn   | Place    | Note
-------+----------+-------------------------------------------
     0 | D:1      | jimonade the Ogre Warper began the quest for the Orb.
     0 | D:1      | Reached XP level 1. HP: 22/22 MP: 3/3
    83 | D:1      | Found Deocwuts's Book Shop.
   131 | D:1      | Reached XP level 2. HP: 29/29 MP: 5/5
   600 | D:1      | Reached XP level 3. HP: 37/37 MP: 6/6
  1681 | D:3      | Reached XP level 4. HP: 42/45 MP: 7/7
  2015 | D:4      | Learned a level 2 spell: Blink
  2046 | D:4      | Found a glowing drain.
  2050 | Sewer    | Entered a sewer
  2337 | Sewer    | Reached XP level 5. HP: 45/53 MP: 9/9
  2574 | D:4      | Found a staircase to the Ecumenical Temple.
  2924 | D:4      | Found a stormy altar of Qazlal.
  3342 | D:4      | Found a bloodstained altar of Trog.
  3465 | D:4      | Upgraded the game from 0.30-a0-824-g6c64550be9 to
                  | 0.30-a0-830-gfe289a77b0
  3473 | D:4      | Learned a level 2 spell: Lesser Beckoning
  3496 | D:5      | Entered Level 5 of the Dungeon
  3496 | D:5      | Noticed a centaur
  3566 | D:4      | Reached XP level 6. HP: 47/61 MP: 11/11
  4344 | D:5      | Noticed an ice beast
  4419 | Temple   | Entered the Ecumenical Temple
  4565 | Temple   | Became a worshipper of Warmaster Okawaru
  4909 | D:5      | Reached XP level 7. HP: 62/68 MP: 13/13
  4940 | D:5      | Found an ornate altar of the Wu Jian Council.
  5432 | D:6      | Reached * piety under Okawaru
  5455 | D:6      | Reached skill level 5 in Maces & Flails
  5455 | D:6      | Reached XP level 8. HP: 44/79 MP: 13/15
  5709 | D:6      | Found a basalt altar of Yredelemnul.
  5956 | D:6      | Reached skill level 5 in Spellcasting
  5963 | D:6      | Learned a level 3 spell: Teleport Other
  6328 | D:6      | Reached skill level 5 in Fighting
  6664 | D:6      | Reached ** piety under Okawaru
  6944 | D:7      | Noticed Pikel
  7000 | D:6      | Killed Pikel
  7001 | D:6      | Reached skill level 5 in Dodging
  7001 | D:6      | Reached XP level 9. HP: 49/89 MP: 17/17
  7172 | D:7      | Reached *** piety under Okawaru
  7183 | D:6      | Reached skill level 5 in Translocations
  7449 | D:7      | Reached skill level 1 in Stealth
  7680 | D:7      | Found Livuteih's Jewellery Shop.
  8360 | D:7      | Reached **** piety under Okawaru
  8611 | D:7      | Reached XP level 10. HP: 42/100 MP: 20/20
  8972 | D:8      | Noticed a kobold demonologist
  8984 | D:7      | Killed a kobold demonologist
  8984 | D:7      | Received a gift from Okawaru
  9072 | D:8      | Learned a level 3 spell: Vhi's Electric Charge
  9224 | D:8      | Noticed Prince Ribbit
  9249 | D:8      | Killed Prince Ribbit
  9445 | D:8      | Found a sparkling altar of Nemelex Xobeh.
  9487 | D:8      | Found a staircase to the Lair.
  9841 | D:9      | Noticed Maurice
  9881 | D:8      | Reached skill level 1 in Invocations
 10139 | Lair:1   | Entered Level 1 of the Lair of Beasts
 10178 | Lair:1   | Noticed a black mamba
 10190 | Lair:1   | Killed a black mamba
 10296 | Lair:1   | Noticed Grum
 10634 | Lair:1   | Reached XP level 11. HP: 83/111 MP: 22/22
 10778 | D:8      | Learned a level 4 spell: Manifold Assault
 11054 | Lair:1   | Killed Grum
 12280 | Lair:2   | Noticed a four-headed hydra
 12319 | Lair:2   | Killed a four-headed hydra
 13059 | Lair:2   | Found a staircase to the Shoals.
 13643 | Lair:2   | Reached XP level 12. HP: 123/123 MP: 6/25
 13863 | Lair:2   | Reached skill level 5 in Invocations
 14245 | Lair:2   | Reached skill level 10 in Maces & Flails
 14391 | Lair:2   | Found a shadowy altar of Dithmenos.
 14456 | Lair:2   | Reached skill level 10 in Spellcasting
 15218 | D:9      | Killed Maurice
 15383 | D:9      | Noticed Maggie
 15438 | D:9      | Killed Maggie
 16321 | D:9      | Identified the +1 robe of Vehumet's Condemnation {Str+4}
 16453 | D:10     | Entered Level 10 of the Dungeon
 16472 | D:10     | Found Vuezeem's Book Shoppe.
 16605 | D:10     | Found a hazy altar of Hepliaklqana.
 17152 | D:10     | Found a staircase to the Orcish Mines.
 17980 | D:11     | Noticed a two-headed ogre
 17994 | D:11     | Killed a two-headed ogre
 18409 | D:11     | Reached skill level 10 in Fighting
 18483 | D:11     | Identified the +1 scale mail "Nesi" {rC+ rCorr Int+5 Dex-3}
 19068 | D:12     | Reached skill level 1 in Armour
 19230 | D:12     | Reached skill level 1 in Air Magic
 19234 | D:12     | Noticed Frances
 19459 | Lair:2   | Reached XP level 13. HP: 113/133 MP: 27/27
 19646 | Lair:3   | Reached ***** piety under Okawaru
 20074 | Lair:3   | Reached skill level 10 in Translocations
 20308 | Lair:3   | Found a staircase to the Snake Pit.
 20331 | Lair:3   | Received a gift from Okawaru
 21007 | Lair:4   | Found a dark tunnel.
 21016 | Volcano  | Entered a volcano
 21463 | Volcano  | Killed from afar by a gargoyle

Illustrated notes

Levels and vault maps discovered:
D:1:      lightli_arrival_statuegarden, layout_loops_ring, serial_shops, shop
D:2:      layout_basic
D:3:      layout_basic, minmay_misc_feat_square, small_statue_alley_b
D:4:      layout_loops_ring, lightli_temple_of_fire,
          mainiacjoe_overflow_24_doors, minmay_temple_entry_from_below_b,
          gup_sewer_entry_bowl, minmay_statues_item, minmay_misc_feat_plants,
          serial_bayou_pond_a, minivault_4
D:5:      layout_basic, nzn_wu_jian_council_hall
D:6:      layout_cave_pods, old_standard_altar
D:7:      layout_rooms, serial_shops, nicolae_lakefront_shop,
          minmay_quadrilaterals, uniq_pikel
D:8:      layout_rooms, nemelex_spade_bored_becter, david_lair_shrubbed,
          uniq_prince_ribbit1
D:9:      layout_big_octagon, uniq_maggie, uniq_maurice
D:10:     layout_basic, mainiacjoe_overflow_boulevard, erik_orc_1, serial_shops,
          shop
D:11:     layout_long_grid, kennysheep_path_1
D:12:     layout_layer_cave, serial_shops, nicolae_shop_window_shopping,
          uniq_frances
Temple:   eino_temple_rhombus
Lair:1:   layout_regular_city, uniq_grum
Lair:2:   layout_layer_cave, minmay_shoals_entry_lonely_mermaid, basic_altar
Lair:3:   layout_misc_corridors, minmay_snake_entry_guardpost_small,
          columned_hall_lemuel, serial_bayou_pond_b, beast_lair_carwin_1
Lair:4:   nzn_motion_control, layout_cave_pods, nicolae_volcano_entry_vermiform,
          portal_ice_cave_entry_pillars_2, infiniplex_staircase_pool
Volcano:  volcano_tomb [vts_chambers]

Skill      XL: |  1  2  3  4  5  6  7  8  9 10 11 12 13 |
---------------+----------------------------------------+-----
Maces & Flails | 2 3 4 5 6 7 8 9 10 | 10.8
Fighting       | 3 4 5 6 8 9 10 | 10.4
Translocations | 3 4 5 6 7 9 10 | 10.8
Dodging        | 3 4 5 6 7 |  7.5
Spellcasting   | 3 4 5 6 7 9 10 | 10.9
Stealth        | 1 |  1.0
Invocations    | 2 4 5 7 |  7.1
Armour         | 1 2 |  2.1
Air Magic      | 1 |  1.3
Throwing       | |  1.7

Action                     |  1- 3 |  4- 6 |  7- 9 | 10-12 | 13-15 || total
---------------------------+-------+-------+-------+-------+-------++-------
  Melee: Mace              |   144 |   221 |       |       |       ||   365
         Whip              |       |    39 |   358 |   947 |   451 ||  1795
  Throw: Stone             |       |     1 |     3 |       |       ||     4
         Throwing net      |       |       |       |     1 |       ||     1
   Cast: Blink             |       |     3 |     1 |     2 |       ||     6
         Lesser Beckoning  |       |       |     1 |       |       ||     1
         Manifold Assault  |       |       |       |    80 |    67 ||   147
         Vhi's Electric Ch |       |       |       |    11 |       ||    11
 Invoke: Heroism           |       |       |     1 |    35 |     7 ||    43
         Finesse           |       |       |       |       |     2 ||     2
    Use: Scroll            |       |       |     7 |    11 |     1 ||    19
         Potion            |       |       |       |     1 |       ||     1
 Armour: Robe              |    45 |   100 |   103 |    83 |    29 ||   360
         Animal skin       |       |       |       |    25 |       ||    25
         Troll leather arm |       |       |       |    32 |    82 ||   114
         Steam dragon scal |       |       |       |    15 |       ||    15
  Dodge: Dodged            |    85 |   129 |   138 |   309 |   142 ||   803

Table legend: (Time is in decaauts)
 A = Elapsed time spent in this place.
 B = Non-inter-level travel time spent in this place.
 C = Inter-level travel time spent in this place.
 D = Time resting spent in this place.
 E = Time spent auto-exploring this place.
 F = Levels seen in this place.
 G = Mean time per level.
                   A        B        C        D        E       F      G
               +--------+--------+--------+--------+--------+-----+--------+
         Total |  20944 |  20132 |    812 |   5747 |   5815 |  19 | 1102.3 |
       Dungeon |  13554 |  12934 |    620 |   3211 |   4300 |  12 | 1129.5 |
        Temple |    287 |    270 |     17 |      0 |    252 |   1 |  287.0 |
          Lair |   6186 |   6011 |    175 |   2169 |   1246 |   4 | 1546.5 |
         Sewer |    520 |    520 |      0 |    124 |     17 |   1 |  520.0 |
       Volcano |    394 |    394 |      0 |    243 |      0 |   1 |  394.0 |
               +--------+--------+--------+--------+--------+-----+--------+

Top non-repeatable levels by time:
  Lair:2: 2460 daAuts
  Lair:1: 2353 daAuts
     D:6: 2135 daAuts
     D:8: 1840 daAuts
     D:7: 1449 daAuts
    D:10: 1324 daAuts
     D:5: 1284 daAuts
     D:4: 1277 daAuts
  Lair:3: 1198 daAuts
    D:11: 1141 daAuts
     D:1: 951 daAuts
     D:9: 693 daAuts
     D:3: 583 daAuts
   Sewer: 520 daAuts
     D:2: 520 daAuts
